 Dungeon Crawl Stone Soup version 0.22-b1-21-g5cfc168 (webtiles) character file.

11 Gorglomux the Stinger (level 2, 0/21 HPs)
             Began as a Merfolk Venom Mage on Aug 3, 2018.
             Slain by a gnoll (8 damage)
             ... on level 1 of the Dungeon.
             The game lasted 00:01:13 (447 turns).

Gorglomux the Stinger (Merfolk Venom Mage)           Turns: 447, Time: 00:01:14

Health: 0/21       AC:  2    Str:  8    XL:     2   Next: 29%
Magic:  1/5        EV: 13    Int: 14    God:
Gold:   4          SH:  0    Dex: 14    Spells: 4/5 levels left

rFire    . . .     SeeInvis .     - Unarmed
rCold    . . .     Gourm    .   (no shield)
rNeg     . . .     Faith    .   a - +0 robe
rPois    .         Spirit   .   (no helmet)
rElec    .         Reflect  .   (no cloak)
rCorr    .         Harm     .   (no gloves)
MR       .....                  (no boots)
Stlth    ++........             (no amulet)
HPRegen  0.07/turn              (no ring)
MPRegen  0.09/turn              (no ring)

@: very slightly contaminated
A: change form in water, swift swim, stealthy swim
a: no special abilities


You were on level 1 of the Dungeon.
You were not hungry.

You visited 1 branch of the dungeon, and saw 1 of its levels.

You collected 4 gold pieces.

Inventory:

Armour
 a - a +0 robe (worn)
Scrolls
 e - a scroll of magic mapping {unknown}
 f - a scroll of blinking {unknown}
 g - a scroll of fear {unknown}
Potions
 h - a potion of brilliance {unknown}
Comestibles
 c - 3 rations


   Skills:
 + Level 1.0 Fighting
 + Level 3.1 Dodging
 - Level 2.1 Stealth
 + Level 1.0 Unarmed Combat
 - Level 2.0 Spellcasting
 - Level 0.7 Conjurations
 - Level 3.2 Poison Magic


You had 4 spell levels left.
You knew the following spells:

 Your Spells              Type           Power        Failure   Level  Hunger
a - Sting                 Conj/Pois      #...         11%         1    ##.....

Your spell library contained the following spells:

 Spells                   Type           Power        Failure   Level  Hunger
 Mephitic Cloud           Conj/Pois/Air  #.......     38%         3    ####...
 Venom Bolt               Conj/Pois      #.........   96%         5    ######.
 Olgreb's Toxic Radiance  Pois           ##......     52%         4    #####..
 Poisonous Vapours        Pois/Air       #.....       19%         2    ###....


Dungeon Overview and Level Annotations

Branches:
Dungeon (1/15)

Altars:


Message History

Aim: a gnoll (almost dead)
The sting hits the gnoll!
The gnoll appears butt!
The gnoll is almost dead!
The gnoll misses you!
Casting: Sting (safe; 11% risk of failure)
Confirm with ! or Enter, or press ? or * to list all spells!
Aiming: Sting (safe; 11% risk of failure)
Press: ? - help, Shift-Dir - straight line, f/p - gnoll
Aim: a gnoll (almost dead)
You miscast Sting!
You are very lightly contaminated with residual magic!
Your vision is briefly tinged with green!
The gnoll closely misses you!
Casting: Sting (safe; 11% risk of failure)
Confirm with ! or Enter, or press ? or * to list all spells!
Aiming: Sting (safe; 11% risk of failure)
Press: ? - help, Shift-Dir - straight line, f/p - gnoll
Aim: a gnoll (almost dead)
You miscast Sting!
Nothing appears to happen!
The gnoll hits you!!! rip

#..........# ##'## #.
#..........# #...# #.
#..........# #...# #.
#..........## #...# ##.
#....)......# #...# #[.
####...........# #...# #..
#............#.# #...#########..
#..(.#########.#####............#
#....'..........@g..............#
#....#########.###############.##
#....# #.# #.# #....# #.# #.#
#....# #.# #.# ##'###########.#
#.# #.............# #..
############### ##


You could see a gnoll.

Vanquished Creatures
  A giant cockroach (D:1)
  A goblin (D:1)
  4 bats (D:1)
  2 frilled lizards (D:1)
  2 kobolds (D:1)
  2 rats (D:1)
12 creatures vanquished.

Notes
Turn   | Place    | Note
-------+----------+-------------------------------------------
     0 | D:1      | Gorglomux the Merfolk Venom Mage began the quest for the Orb.
     0 | D:1      | Reached XP level 1. HP: 13/13 MP: 3/3
   151 | D:1      | Reached skill level 3 in Dodging
   224 | D:1      | Reached XP level 2. HP: 12/20 MP: 1/5
   237 | D:1      | Reached skill level 1 in Fighting
   316 | D:1      | Reached skill level 1 in Unarmed Combat
   447 | D:1      | Slain by a gnoll

Skill      XL: |  1  2 |
---------------+-------+-----
Dodging        | 3 |  3.1
Fighting       | 1 |  1.0
Unarmed Combat | 1 |  1.0
Stealth        | |  2.1
Spellcasting   | |  2.0
Conjurations   | |  0.7
Poison Magic   | |  3.2

Action                   || total
-------------------------++-------
Melee: Unarmed           ||    34
       Punch             ||     1
 Cast: Sting             ||    22
Armor: Robe              ||    11
Dodge: Dodged            ||    42
